AoeStats
← Sex Machine 24cm

Baltic

510414508Analyzed
2v2 RM · 14h ago on Sep 30, 2026· 15m 3s· 4 players
Game mode
Random Map
Map size
Medium (4 player)
Population
200
Speed
Normal
Resources
Standard
Victory
Conquest
Starting age
Dark Age
Ending age
Imperial Age
RankedLock teamsTeams togetherTeam positionsShared explorationLock speedFull tech treeHidden civsTurbo modeCheats
Victory
Defeat
🇦🇷 Burmese · Argentina
1325
+15
🇦🇷 Maya · Argentina
1304
+16
🇧🇷 Jurchens · Brazil
1320
-16
🇦🇷 Chinese · Argentina
1292
-15
[HAV] Papi de Jardin
0:25 Loom
11:15 Feudal Age
tiagobellodi
5:42 Loom
10:41 Feudal Age
11:23 Double-Bit Axe
Sex Machine 24cm
5:43 Loom
9:13 Feudal Age
9:47 Man-at-Arms
11:41 Arson
12:38 Horse Collar
Gabi_Arg
0:26 Loom
10:37 Feudal Age
11:08 Double-Bit Axe
13:24 Gold Mining
Connection lost

Rejoining the realm…

Still unreachable

The connection could not be restored.

Session expired

The server has moved on; the page needs a fresh start.